Map: Ruins of Endion

Players

Mindele

  • Race: Terran Terran
  • League: Bronze

DarkStar - Winner!

  • Race: Zerg Zerg
  • League: Silver

VOD

Have the link to the VOD?

Description

Time

  • Played on: May 14, 2016, 4:41 p.m.
  • Length: 12:05
Show
View Real Time Build Order
Export as new Build Order

Mindele Terran 

Build Orders:  

Get SALT Encoding   

  12  0:01  SCV  
  13  0:13  SCV  
  14  0:18  Supply Depot  
  14  0:25  SCV  
  15  0:40  SCV  
  15  0:41  Barracks  
  16  0:52  SCV  
  17  1:00  Barracks  
  18  1:04  SCV  
  18  1:08  Refinery  
  18  1:16  SCV  
  19  1:29  Barracks  
  19  1:35  Orbital Command  
  19  1:42  Marine  
  20  1:58  Marine  
  21  2:04  SCV  
  21  2:05  Supply Depot  
  22  2:09  Refinery  
  22  2:16  SCV  
  23  2:27  Factory  
  23  2:29  SCV  
  24  2:31  Marine x2  
  24  2:35  Supply Depot  
  26  2:41  SCV  
  26  2:43  Marine  
  28  2:53  SCV  
  28  2:58  Reaper  
  30  3:00  Reaper  
  30  3:05  Supply Depot, SCV  
  32  3:14  Barracks  
  32  3:19  Marine  
  33  3:22  Factory Tech Lab  
  33  3:28  SCV  
  34  3:40  Starport, Marine, SCV  
  34  3:41  Marine  
  37  3:53  Marine, SCV  
  39  3:57  Supply Depot  
  41  4:04  Siege Tank  
  41  4:08  SCV  
  41  4:09  Marine x2  
  45  4:20  SCV  
  45  4:36  SCV  
  45  4:37  Marine x2  
  47  4:45  Medivac  
  49  4:48  Marine x2, SCV  
  52  4:56  Supply Depot  
  52  4:58  Siege Tank  
  55  5:18  Supply Depot, Marine x2, SCV  
  58  5:29  Marine  
  58  5:30  SCV  
  59  5:52  SCV  
  59  5:54  Marine x2  
  62  6:05  SCV  
  63  6:23  Marine x4  
  64  6:34  Armory  
  64  6:40  SCV  
  65  6:52  SCV  
  65  7:23  Supply Depot  
  65  7:28  Thor  
  71  7:31  Barracks Tech Lab  
  71  7:42  Factory  
  71  7:44  Starport Tech Lab  
  71  8:03  SCV  
  72  8:08  Supply Depot  
  72  8:13  Thor  
  72  8:15  SCV  
  79  8:38  Command Center  
  79  8:58  Marine x2  
  70  9:50  Marine x2  
  66  9:53  Marine  
  67  10:08  Marine  
  68  10:17  Marine x2  
  70  10:26  Marine  
  71  10:30  Banshee  
  62  11:28  Marine x3  
  63  11:46  Marine x2  
Show
View Real Time Build Order
Export as new Build Order

DarkStar Zerg - Winner!

Build Orders: Hatch First 

Get SALT Encoding   

  12  0:02  Drone  
  13  0:08  Drone  
  14  0:40  Hatchery  
  13  0:45  Drone  
  14  0:56  Spawning Pool  
  13  1:03  Overlord  
  13  1:11  Drone  
  14  1:24  Drone  
  14  1:25  Drone  
  16  1:28  Drone  
  17  1:37  Drone  
  18  1:43  Extractor  
  18  1:44  Queen  
  19  1:55  Queen  
  19  1:56  Drone  
  19  1:57  Drone  
  19  2:00  Drone  
  24  2:07  Drone  
  25  2:10  Drone  
  25  2:13  Overlord  
  26  2:24  Drone  
  26  2:25  Drone  
  28  2:31  Queen  
  28  2:35  Drone x2  
  32  2:44  Queen  
  32  2:45  Drone  
  32  2:50  Overlord  
  35  2:55  Extractor  
  34  3:00  Drone x2  
  34  3:02  Metabolic Boost  
  36  3:12  Drone x3  
  39  3:13  Drone  
  39  3:14  Drone  
  41  3:25  Drone x3  
  44  3:29  Overlord x2  
  44  3:46  Overlord  
  44  3:52  Evolution Chamber  
  44  3:54  Lair  
  43  3:56  Evolution Chamber  
  42  4:05  Zergling x2  
  42  4:06  Zergling x10  
  42  4:07  Zergling x6  
  51  4:10  Extractor  
  50  4:47  Drone x3  
  50  4:49  Zerg Ground Armor Level 1  
  50  4:51  Zerg Melee Weapons Level 1  
  53  4:58  Hydralisk Den  
  52  5:01  Infestation Pit  
  52  5:06  Drone x4  
  52  5:07  Drone x3  
  58  5:15  Hatchery  
  57  5:26  Extractor  
  57  5:27  Spore Crawler  
  55  5:33  Spore Crawler  
  54  5:36  Spine Crawler  
  54  5:38  Drone, Spore Crawler  
  54  5:39  Drone x4  
  57  5:47  Muscular Augments  
  57  5:49  Evolution Chamber  
  56  5:50  Hive  
  56  6:02  Roach Warren  
  55  6:30  Spore Crawler  
  54  6:35  Spine Crawler  
  53  6:41  Drone x9  
  53  6:42  Drone  
  53  6:43  Spine Crawler  
  53  6:44  Zerg Missile Weapons Level 1, Zerg Ground Armor Level 2  
  53  6:45  Zerg Melee Weapons Level 2  
  62  6:51  Drone  
  62  6:52  Drone x3  
  66  7:00  Overlord x4  
  66  7:02  Hydralisk  
  61  7:14  Lurker Den  
  59  7:25  Drone x2  
  59  7:26  Drone x5  
  66  7:36  Zergling x4, Hydralisk  
  66  7:37  Hydralisk x3  
  76  7:45  Extractor  
  76  7:46  Extractor  
  76  7:48  Spore Crawler  
  76  7:50  Spore Crawler x2  
  71  7:54  Spine Crawler  
  71  7:56  Spine Crawler  
  71  7:57  Drone x6  
  75  8:00  Overlord  
  75  8:02  Overseer x4  
  75  8:32  Drone x4  
  75  8:33  Drone x5  
  84  8:35  Glial Reconstitution  
  84  8:39  Adrenal Glands  
  84  8:47  Drone  
  85  9:06  Roach x5  
  85  9:07  Roach x3  
  85  9:08  Roach  
  103  9:15  Ultralisk Cavern  
  102  9:17  Zerg Melee Weapons Level 3  
  100  9:33  Overlord x4  
  76  9:57  Spine Crawler  
  76  9:58  Spine Crawler  
  72  10:00  Spine Crawler  
  72  10:01  Spine Crawler  
  72  10:02  Spine Crawler  
  72  10:03  Spine Crawler  
  72  10:04  Spore Crawler  
  72  10:06  Spine Crawler  
  63  10:14  Zergling x18  
  62  10:31  Spine Crawler  
  62  10:33  Spine Crawler  
  62  10:34  Spine Crawler  
  59  10:36  Spine Crawler  
  53  10:47  Ultralisk x2  
  61  10:59  Ultralisk x2  
  71  11:06  Queen  
  71  11:37  Hatchery  
Tags
 
Add a new tag
Caveats
  • Supply blocks, unpowered buildings, or Contaminate may cause inaccurate times.
  • Supply counts are checked every 10 seconds.